 Dungeon Crawl Stone Soup version 0.28.0-53-g5a82cb258f (webtiles) character file.

Game seed: 614644006808244785

574 H0rd4k the Charlatan (level 7, -3/52 HPs)
             Began as a Human Artificer on May 30, 2022.
             Killed by divine providence
             ... invoked by an orc priest
              (10 damage)
             ... on level 5 of the Dungeon.
             The game lasted 00:11:23 (7268 turns).

H0rd4k the Charlatan (Human Artificer)              Turns: 7268, Time: 00:11:23

Health: -3/52      AC:  3    Str: 13    XL:     7   Next: 61%
Magic:  0/7        EV: 13    Int: 13    God:
Gold:   132        SH:  0    Dex: 13    Spells: 6/6 levels left

rFire   . . .      SeeInvis .   f - +2 club
rCold   . . .      Faith    .   (no shield)
rNeg    . . .      Spirit   +   b - +0 leather armour
rPois   .          Reflect  .   (no helmet)
rElec   .          Harm     .   (no cloak)
rCorr   .          Rampage  .   (no gloves)
Will    .....                   (no boots)
Stlth   +.........              v - amulet of guardian spirit
HPRegen 0.17/turn               (no ring)
MPRegen 0.10/turn               (no ring)

@: no status effects
A: no striking features
a: no special abilities


You were on level 5 of the Dungeon.
You visited 1 branch of the dungeon, and saw 5 of its levels.
You also visited: Ossuary.

You collected 132 gold pieces.

Inventory:

Hand Weapons
 f - a +2 club (weapon)
Armour
 b - a +0 leather armour (worn)
Magical Staves
 l - a staff of fire
Jewellery
 o - an amulet of faith
 v - an amulet of guardian spirit (around neck)
Wands
 n - a wand of paralysis (4)
Scrolls
 g - 6 scrolls of teleportation {unknown}
 h - a scroll of fog {unknown}
 i - 2 scrolls of enchant armour {unknown}
 j - 3 scrolls of identify {unknown}
 k - a scroll of vulnerability {unknown}
 m - 2 scrolls of immolation {unknown}
 r - a scroll of noise {unknown}
 x - a scroll of enchant weapon {unknown}
Potions
 a - a potion of might {unknown}
 c - 4 potions of lignification
 p - a potion of flight {unknown}
 q - a potion of degeneration {unknown}
 s - a potion of berserk rage {unknown}
 t - 2 potions of invisibility {unknown}
 z - a potion of mutation {unknown}
 A - 2 potions of attraction {unknown}
Miscellaneous
 e - a piece from Xom's chessboard (15/15)


   Skills:
 + Level 3.1 Fighting
 + Level 4.3 Maces & Flails
 - Level 2.2 Armour
 + Level 4.0 Dodging
 - Level 1.0 Stealth
 + Level 4.3 Evocations


You had 6 spell levels left.
You didn't know any spells.
Your spell library was empty.

Dungeon Overview and Level Annotations

Branches:
Dungeon (5/15)            Ossuary (visited)
 Temple: D:4-7

Altars:
Cheibriados
Fedhas
Nemelex Xobeh
Okawaru
Vehumet

Shops:
D:5 !

Annotations:
D:4 1 runed translucent door, Crazy Yiuf, Sigmund


Message History

The helpless water moccasin fails to defend itself.
You hit the water moccasin.
The water moccasin is heavily wounded.
The helpless water moccasin fails to defend itself.
You hit the water moccasin.
The water moccasin is severely wounded.
The helpless water moccasin fails to defend itself.
You hit the water moccasin.
The water moccasin is severely wounded.
The helpless water moccasin fails to defend itself.
You hit the water moccasin.
The water moccasin is almost dead.
The helpless water moccasin fails to defend itself.
You hit the water moccasin.
The water moccasin is almost dead.
The helpless water moccasin fails to defend itself.
You hit the water moccasin.
You kill the water moccasin!
Your Fighting skill increases to level 3!
Your Maces & Flails skill increases to level 4!
Your Dodging skill increases to level 4!
A necrophage comes into view.
The orc priest shouts!
There is a stone staircase leading up here.
The necrophage barely misses you. The necrophage hits you!
* * * LOW HITPOINT WARNING * * *
The necrophage barely misses you.
The orc priest casts a cantrip, but nothing happens.
A wyvern skeleton comes into view.
The wyvern skeleton moves out of view.
The wyvern skeleton bites you.
* * * LOW HITPOINT WARNING * * *
The wyvern skeleton bites you!
* * * LOW HITPOINT WARNING * * *
The orc priest looks braver for a moment.
The wyvern skeleton misses you.
The orc priest invokes the aid of Beogh against you.
Beogh smites you!
You die...

..## ##.......#.....g..........8#
...## ##....####....##...........
....## ##..## #.g.####o..)......
.....# #### ###.o## +..........
.....## ###....## +....).....
......# ##.......####g#........
####### ##......nZ.##..#........
##..............##....... #####
#.......@.......##....... ....##
#...............###......
.....####.......<.........#......
......†..........................
##...#####...............##......
##..# #..............####.....
#..# #.###.###......+ ##.... #..#
#.. #.# .......+ #.... #..# ##.
#.#.....#..# #..###


You could see a necrophage, a gnoll shaman, an orc priest and a wyvern skeleton.

Vanquished Creatures
  A water moccasin (D:5)
  A necrophage (D:5)
  Jessica (D:3)
  An iguana (D:3)
  An orc wizard (D:3)
  A mummy (Ossuary)
  2 gnolls
  9 adders
  A dart slug (D:3)
  An orc (D:3)
  2 spectral bats (Ossuary)
  8 ball pythons
  4 endoplasms
  2 giant cockroaches
  9 goblins
  6 hobgoblins
  3 jackals (D:1)
  10 kobolds
  3 quokkas
  6 bats
  4 bat simulacra (Ossuary)
  A frilled lizard (D:1)
  12 gnoll zombies (Ossuary)
  3 goblin simulacra (Ossuary)
  5 goblin zombies (Ossuary)
  3 hobgoblin zombies (Ossuary)
  4 kobold simulacra (Ossuary)
  5 kobold zombies (Ossuary)
  5 orc zombies (Ossuary)
  5 rats
  4 rat simulacra (Ossuary)
  A spectral goblin (Ossuary)
  4 spectral kobolds (Ossuary)
  3 spectral rats (Ossuary)
131 creatures vanquished.

Vanquished Creatures (collateral kills)
  An orc priest (D:3)
  3 gnolls (D:5)
  A worm (D:3)
  4 orcs
  A goblin (D:3)
10 creatures vanquished.

Vanquished Creatures (others)
  A centaur zombie (D:3)
  A hound (D:5)
  An orc (D:5)
  16 plants (D:2)
19 creatures vanquished.

Grand Total: 160 creatures vanquished

Notes
Turn   | Place    | Note
-------+----------+-------------------------------------------
     0 | D:1      | H0rd4k the Human Artificer began the quest for the Orb.
     0 | D:1      | Reached XP level 1. HP: 15/15 MP: 1/1
   368 | D:1      | Reached XP level 2. HP: 7/21 MP: 2/2
   993 | D:1      | Reached XP level 3. HP: 5/26 MP: 3/3
  2797 | D:2      | Reached XP level 4. HP: 32/32 MP: 4/4
  2886 | D:2      | Reached skill level 1 in Maces & Flails
  3034 | D:2      | Found a faded altar of an unknown god.
  3304 | D:2      | Reached XP level 5. HP: 37/37 MP: 5/5
  4855 | D:3      | Reached XP level 6. HP: 41/44 MP: 6/6
  4928 | D:3      | Noticed Jessica
  4952 | D:3      | Killed Jessica
  5501 | D:4      | Found a runed translucent door.
  5502 | D:4      | Noticed Crazy Yiuf
  5573 | D:4      | Noticed Sigmund
  5724 | D:5      | Entered Level 5 of the Dungeon
  5820 | D:5      | Found an iron altar of Okawaru.
  5821 | D:5      | Found a snail-covered altar of Cheibriados.
  5823 | D:5      | Found a blossoming altar of Fedhas.
  5825 | D:5      | Found a sparkling altar of Nemelex Xobeh.
  5825 | D:5      | Found a radiant altar of Vehumet.
  5932 | D:5      | Found a sand-covered staircase.
  5937 | Ossuary  | Entered an ossuary
  6981 | D:5      | Reached XP level 7. HP: 50/51 MP: 7/7
  7032 | D:5      | Found Woenecaf's Distillery.
  7211 | D:5      | Noticed a water moccasin
  7236 | D:5      | Killed a water moccasin
  7268 | D:5      | Killed from afar by an orc priest

Illustrated notes

Levels and vault maps discovered:
D:1:      elethiomel_arrival_quiet, layout_loops_corners
D:2:      layout_loops_corners, nicolae_ecumenical_snake_handling,
          serial_bayou_lagoon_a
D:3:      layout_rooms, supply_closet_lemuel, minmay_box_of_dots, uniq_jessica
D:4:      layout_cave_pools, serial_column_ruins, column_ruins_hut,
          column_ruins_corridor_straight, column_ruins_corridor_straight,
          column_ruins_corridor_straight, column_ruins_columns_straight,
          uniq_sigmund, uniq_crazy_yiuf_cottage
D:5:      layout_cave_pods, grunt_temple_overflow_open,
          nicolae_ossuary_entry_false_entrances, serial_gnoll_camp,
          gnoll_camp_mini_hut, gnoll_camp_mini_hut, gnoll_camp_mini_hut,
          gnoll_camp_mini_house, serial_shops, shop, minmay_statues_item,
          minmay_tree_intersection, minmay_manual_monstrance, uniq_edmund

Skill      XL: |  1  2  3  4  5  6  7 |
---------------+----------------------+-----
Maces & Flails | 1 2 3 4 |  4.3
Dodging        | 2 3 4 |  4.0
Evocations     | 4 |  4.3
Fighting       | 2 3 |  3.1
Armour         | |  2.2
Stealth        | |  1.0

Action                   |  1- 3 |  4- 6 |  7- 9 || total
-------------------------+-------+-------+-------++-------
Melee: Club              |   163 |   467 |    26 ||   656
       Punch             |     4 |     7 |       ||    11
Evoke: Wand              |     8 |    24 |     8 ||    40
  Use: Potion            |       |     3 |     1 ||     4
 Stab: Sleeping          |     1 |     6 |       ||     7
       Paralysed         |       |    20 |     9 ||    29
Armor: Leather armour    |    66 |   150 |     2 ||   218
       Skin              |       |     5 |       ||     5
Dodge: Dodged            |   125 |   292 |    19 ||   436
